 Dungeon Crawl Stone Soup version 0.30-a0-1160-g6e42c06551 (webtiles) character file.

Game seed: 13972513273989423380

184768 cforsyth the Convoker (level 17, -8/154 HPs)
             Began as a Demigod Summoner on Apr 25, 2023.
             Mangled by a quicksilver dragon (9 damage)
             ... on level 4 of the Snake Pit on Apr 26, 2023.
             The game lasted 01:32:55 (48289 turns).

cforsyth the Convoker (Demigod Summoner)           Turns: 48289, Time: 01:32:56

Health: -8/154     AC: 17    Str: 26    XL:     17   Next: 20%
Magic:  8/49       EV: 18    Int: 36    God:
Gold:   1601       SH: 11    Dex: 14    Spells: 14/43 levels left

rFire   + . .        N - +2 dagger of Decaying Defiance {pain, Int+7 SInv}
rCold   . . .        T - +0 kite shield {reflect}
rNeg    + . .        D - +5 leather armour of Micawn {Str+6}
rPois   +            o - +2 helmet
rElec   +            R - +0 cloak {rPois}
rCorr   .            u - +2 pair of gloves of Cheibriados's Whim {*Slow rElec Stlth+}
SInv    +            Y - +1 pair of boots
Will    ++++.        Z - amulet of the Four Winds {rN+ Will+++ Clar}
Stlth   ++++         C - ring of protection from fire
HPRegen 0.45/turn    S - ring "Tutugon" {MP+9 Str+3 Stlth+}
MPRegen 0.31/turn

%: slow self (1%), reflection, clarity
@: studying Short Blades
A: high MP 1, forlorn, divine attributes
a: no special abilities


You were on level 4 of the Snake Pit.
You visited 4 branches of the dungeon, and saw 26 of its levels.
You also visited: Ossuary and Bailey.

You collected 2932 gold pieces.
You spent 1331 gold pieces at shops.

Inventory:

Hand Weapons
 N - the +2 dagger of Decaying Defiance (weapon) {pain, Int+7 SInv}
   (You found it on level 6 of the Dungeon)

   Int:       It affects your intelligence (+7).
   SInv:      It lets you see invisible.
Missiles
 P - 5 throwing nets
Armour
 o - a +2 helmet (worn)
 u - the +2 pair of gloves of Cheibriados's Whim (worn) {*Slow rElec Stlth+}
   (You found it on level 4 of the Dungeon)

   rElec:     It insulates you from electricity.
   *Slow:     It may slow you when you take damage.
   Stlth:     It makes you more stealthy.
 D - the +5 leather armour of Micawn (worn) {Str+6}
   (You took it off an orc on level 5 of the Dungeon)

   Str:       It affects your strength (+6).
 R - a +0 cloak of poison resistance (worn)
 T - a +0 kite shield of reflection (worn)
 Y - a +1 pair of boots (worn)
Magical Staves
 X - the staff of conjuration "Qosuvel" {rN+ Will+}
   (You found it on level 2 of the Orcish Mines)

   [staff of conjuration]

   Base accuracy: +5 Base damage: 5 Base attack delay: 1.2 This weapon's minimum
   attack delay (0.6) is reached at skill level 12.
   rN:        It protects you from negative energy.
   Will:      It increases your willpower.
   It falls into the 'Staves' category.
   It is a one-handed weapon.
Jewellery
 C - a ring of protection from fire (left hand)
 G - a ring of protection from cold
 J - a +6 ring of intelligence
 S - a ring "Tutugon" (right hand) {MP+9 Str+3 Stlth+}
   (You found it on level 2 of the Lair of Beasts)

   [ring of magical power]

   Str:       It affects your strength (+3).
   MP:        It affects your magic capacity (+9).
   Stlth:     It makes you more stealthy.
 U - a +5 ring of evasion
 V - a +6 ring of intelligence
 Z - the amulet of the Four Winds (around neck) {rN+ Will+++ Clar}
   (You bought it in a shop on level 2 of the Orcish Mines)

   [amulet of nothing]

   rN:        It protects you from negative energy.
   Clar:      It protects you from confusion, rage, mesmerisation and fear.
   Will:      It greatly increases your willpower.
Wands
 n - a wand of polymorph (10)
 x - a wand of flame (51)
 F - a wand of iceblast (25)
 K - a wand of acid (1)
 L - a wand of digging (2)
 W - a wand of mindburst (10)
Scrolls
 c - 4 scrolls of immolation {unknown}
 d - 4 scrolls of fear {unknown}
 g - 2 scrolls of blinking {unknown}
 i - 4 scrolls of butterflies {unknown}
 l - 8 scrolls of magic mapping
 m - 6 scrolls of amnesia
 p - 6 scrolls of fog
 r - a scroll of vulnerability {unknown}
 v - a scroll of identify
 y - 6 scrolls of enchant weapon {unknown}
 z - a scroll of silence {unknown}
 A - 5 scrolls of teleportation
 E - 4 scrolls of torment
 H - a scroll of acquirement
 M - 5 scrolls of enchant armour {unknown}
 O - 4 scrolls of noise {unknown}
 Q - 3 scrolls of poison {unknown}
Potions
 a - 6 potions of curing
 b - 3 potions of magic
 e - 5 potions of mutation
 f - 3 potions of invisibility
 h - 2 potions of lignification
 j - 3 potions of flight
 k - 13 potions of brilliance
 q - a potion of heal wounds
 s - 9 potions of haste
 t - a potion of attraction
 w - 8 potions of might
 B - a potion of ambrosia
 I - 5 potions of resistance


   Skills:
 - Level 14.5 Fighting
 - Level 14.6 Dodging
 - Level 1.7 Stealth
 + Level 9.6 Shields
 - Level 13.8 Spellcasting
 - Level 15.2 Summonings


You had 14 spell levels left.
You knew the following spells:

 Your Spells              Type           Power      Damage    Failure   Level
a - Summon Small Mammal   Summ           100%       N/A       0%          1
b - Call Imp              Summ           100%       N/A       0%          2
c - Call Canine Familiar  Summ           94%        N/A       1%          3
d - Summon Guardian Gole  Hex/Summ       68%        N/A       1%          3
e - Summon Lightning Spi  Summ/Air       68%        N/A       1%          4
i - Summon Hydra          Summ           47%        N/A       4%          7
m - Blink                 Tloc           48%        N/A       4%          2
o - Monstrous Menagerie   Summ           47%        N/A       4%          7

Your spell library contained the following spells:

 Spells                   Type           Power      Damage    Failure   Level
 Summon Ice Beast         Ice/Summ       68%        N/A       1%          4
 Beastly Appendage        Tmut           48%        N/A       3%          1
 Magic Dart               Conj           96%        1d7       3%          1
 Cigotuvi's Dreadful Rot  Necr/Pois/Air  48%        N/A       4%          2
 Lesser Beckoning         Tloc           48%        N/A       4%          2
 Passwall                 Tmut/Erth      20%        N/A       4%          2
 Sublimation of Blood     Necr           24%        N/A       4%          2
 Dazzling Flash           Conj/Hex       48%        N/A       9%          3
 Frozen Ramparts          Ice            48%        1d8       9%          3
 Gell's Gravitas          Tloc           24%        N/A       9%          3
 Ignite Poison            Fire/Tmut/Pois 24%        N/A       9%          3
 Mephitic Cloud           Conj/Pois/Air  24%        N/A       9%          3
 Ozocubu's Armour         Ice            24%        N/A       9%          3
 Teleport Other           Tloc           24%        N/A       9%          3
 Anguish                  Hex/Necr       12%        N/A       30%         4
 Animate Dead             Necr           24%        N/A       30%         4
 Cause Fear               Hex            12%        N/A       30%         4
 Leda's Liquefaction      Hex/Erth       12%        N/A       30%         4
 Manifold Assault         Tloc           24%        N/A       30%         4
 Passage of Golubria      Tloc           24%        N/A       30%         4
 Petrify                  Tmut/Erth      24%        N/A       30%         4
 Agony                    Necr           24%        N/A       63%         5
 Freezing Cloud           Conj/Ice/Air   12%        6-21      63%         5
 Irradiate                Conj/Tmut      12%        3d15      63%         5
 Lee's Rapid Deconstruct  Erth           12%        3d8*      63%         5
 Metabolic Englaciation   Hex/Ice        12%        N/A       63%         5
 Silence                  Hex/Air        12%        N/A       63%         5
 Haunt                    Necr/Summ      34%        N/A       73%         7
 Simulacrum               Ice/Necr       12%        N/A       99%         6
 Statue Form              Tmut/Erth      16%        N/A       99%         6
 Enfeeble                 Hex            12%        N/A       100%        7
 Ozocubu's Refrigeration  Ice            12%        4d10      100%        7
 Storm Form               Tmut/Air       12%        N/A       100%        7
 Discord                  Hex            12%        N/A       100%        8
 Infestation              Necr           12%        N/A       100%        8


Dungeon Overview and Level Annotations

Branches:
Dungeon (15/15)            Temple (0/1) D:6            Lair (5/5) D:9
  Swamp (0/4) Lair:3        Snake (4/4) Lair:3        Slime (0/5) Lair:4
    Orc (2/2) D:11            Elf (0/3) Orc:2        Vaults (0/5) D:14
 Depths (0/4) D:15        Ossuary (visited)          Bailey (visited)

Shops:
D:9 !   D:12 !   Orc:2 *[=   Snake:3 =!((

Portals:
Pandemonium: Orc:2

Annotations:
Snake:4 1 runed translucent door, artmatt's ghost, adept DsTm


Innate Abilities, Weirdness & Mutations

You have an increased reservoir of magic. (+10% MP)
You shall have no god before yourself.
Your divine heritage dramatically boosts your attributes as you level up.


Message History

Your five-headed hydra bites the quicksilver dragon!
Your five-headed hydra misses the quicksilver dragon.
Your five-headed hydra barely misses the quicksilver dragon.
Your five-headed hydra bites the quicksilver dragon.
The quicksilver dragon completely misses your five-headed hydra.
The quicksilver dragon claws your five-headed hydra!
The quicksilver dragon bites your five-headed hydra!!
The quicksilver dragon claws your five-headed hydra.
Your five-headed hydra bites the quicksilver dragon.
Your five-headed hydra closely misses the quicksilver dragon.
Your five-headed hydra bites the quicksilver dragon.
Your five-headed hydra misses the quicksilver dragon.
Your five-headed hydra bites the quicksilver dragon but does no damage.
The quicksilver dragon bites your five-headed hydra!
The quicksilver dragon claws your five-headed hydra!!
Your five-headed hydra dies!
Your five-headed hydra's corpse disappears in a puff of smoke!
Casting: Summon Hydra (dangerous; 4% risk of failure)
Confirm with . or Enter, or press ? or * to list all spells.
You don't have enough magic to cast this spell.
Unknown command.
Casting: Summon Hydra (dangerous; 4% risk of failure)
Confirm with . or Enter, or press ? or * to list all spells.
You don't have enough magic to cast this spell.
Casting: Summon Hydra (dangerous; 4% risk of failure)
Confirm with . or Enter, or press ? or * to list all spells.
You don't have enough magic to cast this spell.
Magic courses through your body.
Casting: Summon Hydra (dangerous; 4% risk of failure)
Confirm with . or Enter, or press ? or * to list all spells.
An eight-headed hydra appears.
The quicksilver dragon breathes dispelling energy at you.
The bolt of dispelling energy hits you!!!
* * * LOW HITPOINT WARNING * * *
Casting: Summon Hydra (dangerous; 4% risk of failure)
Confirm with . or Enter, or press ? or * to list all spells.
You summon a manticore!
You block the quicksilver dragon's attack.
The quicksilver dragon claws you!
You die...

##.........###......)...
##..#####.....####.......
#..##.8.##.......##......
#..#.....#..#.....#......
##.##8.⌠..'.#####..#......
#..##.....#..#####.##.....
#...##...##..#..#...##....
##...##+##...........#....
####.##.HD@..##.......#...)
###..##'..D...######...##....
#.....#..######### ##8.####.)
#8...#..8.##..###..###.....##8.
#..D.
##...#....#....#.......... #φ.#
#....'.8..'.8..'...⌠...... #D
##...#....#....#.......... #
#..8.##..###..###.....##8.
#.....#..######### ##8.####..


You could see a quicksilver dragon (catching breath, ally target), a friendly
eight-headed hydra (summoned) and a friendly manticore (summoned).

Vanquished Creatures
  An ugly thing (D:15)
  An ice statue (Lair:2)
  A black mamba (Snake:1)
  A yak (Lair:3)
  2 centaurs (D:13)
  A wight (D:7)
  An orc wizard (Orc:2)
  A dart slug (D:1)
  A bat (D:1)
  An endoplasm (D:3)
  A kobold (D:12)
  4 ball pythons
  A rat (D:1)
17 creatures vanquished.

Vanquished Creatures (collateral kills)
  Vashnia (Snake:3)
  Rupert (D:14)
  A quicksilver dragon (Snake:4)
  2 nagarajas
  Josephine (D:13)
  Fannar (D:12)
  6 salamander tyrants (Snake:4)
  3 hydras
  An ogre mage (D:15)
  6 two-headed ogres
  A demonspawn (Orc:2)
  2 boulder beetles
  14 anacondas
  12 centaur warriors
  2 death yaks (Lair:5)
  A catoblepas (D:14)
  22 naga warriors
  21 naga sharpshooters
  4 orc high priests (Orc:2)
  2 tengu warriors
  4 shock serpents
  A skyshark (Lair:4)
  6 skeletal warriors
  3 salamander mystics
  10 naga ritualists
  A wizard (D:15)
  A deep elf pyromancer (D:15)
  7 orc knights
  A necromancer (D:15)
  6 mana vipers
  2 oklob plants
  A large abomination (D:10)
  4 manticores
  8 orc sorcerers
  14 salamanders
  3 cyclopes
  7 ugly things
  A centaur zombie (D:15)
  4 elephants
  Maurice (D:10)
  22 naga magi
  5 guardian serpents
  35 black mambas
  8 komodo dragons
  A centaur skeleton (D:15)
  4 rime drakes
  A rime drake (shapeshifter) (D:14)
  2 efreet
  10 cane toads
  4 kobold demonologists
  An ice devil (Lair:2)
  An unseen horror (D:11)
  3 trolls
  A red devil (Orc:2)
  A harpy skeleton (D:15)
  6 polar bears
  5 nameless horrors
  A queen bee (shapeshifter) (D:13)
  3 hornets
  A hellwing (Orc:2)
  9 dream sheep
  13 blink frogs
  9 slime creatures
  A ynoxinul (Orc:2)
  Sigmund (D:5)
  A vampire (D:11)
  10 spriggans (Lair:5)
  A shadow (D:10)
  9 wraiths
  30 yaks
  14 humans
  6 wyverns
  5 basilisks
  A neqoxec (Orc:2)
  2 steam dragons
  4 vampire mosquitoes
  2 swamp worms (Lair:3)
  5 wargs
  52 nagas
  7 water moccasins
  3 acid dragons
  7 ice beasts
  31 orc warriors
  5 small abominations (D:10)
  3 black bears
  15 wolves (Lair:5)
  14 ogres
  5 boggarts (Lair:5)
  11 centaurs
  4 kobold brigands
  11 bullfrogs
  3 scorpions
  A gnoll sergeant (D:11)
  3 water moccasin zombies (Ossuary)
  4 wights
  11 killer bees
  3 electric eels
  25 orc priests
  2 hounds (D:5)
  3 iguanas
  11 orc wizards
  Terence (D:2)
  2 mummies (Ossuary)
  Robin (D:2)
  4 adders
  9 river rats (Lair:5)
  10 gnolls
  A shadow imp (D:7)
  4 white imps (Lair:2)
  2 ufetubi
  2 adder zombies (Ossuary)
  2 dart slugs
  69 orcs
  7 ball pythons
  7 endoplasms
  3 giant cockroaches
  2 gnoll zombies (Ossuary)
  27 goblins
  15 hobgoblins
  A quokka (D:1)
  5 bats
  4 frilled lizards
  5 hobgoblin zombies (Ossuary)
  2 jackal zombies (D:6)
  22 kobolds
  5 kobold zombies (Ossuary)
  7 orc zombies (Ossuary)
  10 rats
  A rat zombie (D:6)
891 creatures vanquished.

Vanquished Creatures (others)
  2 orc warlords
  A dire elephant (Lair:5)
  An ettin (Orc:2)
  Harold (Lair:2)
  A centaur warrior (D:12)
  2 hydras
  A demonspawn (Orc:2)
  A boulder beetle (Lair:3)
  3 two-headed ogres
  A death yak (Lair:5)
  2 orc high priests (Orc:2)
  An orc knight (Bailey)
  2 wizards
  A deep elf pyromancer (D:12)
  An orc sorcerer (Orc:1)
  A wolf spider (Lair:5)
  3 elephants
  A torpor snail (Lair:3)
  A rime drake (Lair:1)
  A komodo dragon (Lair:5)
  2 trolls
  A tyrant leech (Lair:3)
  2 polar bears (Lair:5)
  A dream sheep (Lair:5)
  2 hornets
  A blink frog (Lair:5)
  4 large abominations (D:10)
  3 spriggans (Lair:5)
  A slime creature (D:12)
  A wraith (D:12)
  14 yaks
  2 humans (D:14)
  A wyvern (D:7)
  2 small abominations (D:10)
  A steam dragon (D:9)
  2 vampire mosquitoes (D:12)
  A warg (D:9)
  A naga (Lair:3)
  2 acid dragons
  2 swamp worms (Lair:3)
  2 black bears (D:4)
  16 orc warriors
  An ogre (Orc:1)
  A wolf (Lair:5)
  A bullfrog (Lair:2)
  2 wights (D:10)
  6 killer bees
  A jelly (D:6)
  2 orc priests
  An iguana (D:6)
  An orc wizard (D:9)
  A hell rat (Lair:5)
  A gnoll (Bailey)
  An adder (D:6)
  A white imp (Lair:2)
  10 orcs
  2 goblins (Bailey)
  3 kobolds
  50 fungi
  82 plants
259 creatures vanquished.

Grand Total: 1167 creatures vanquished

Notes
Turn   | Place    | Note
-------+----------+-------------------------------------------
     0 | D:1      | cforsyth the Demigod Summoner began the quest for the Orb.
     0 | D:1      | Reached XP level 1. HP: 14/14 MP: 5/5
   336 | D:1      | Reached XP level 2. HP: 17/20 MP: 3/7
   794 | D:1      | Reached skill level 4 in Summonings
  1139 | D:2      | Noticed Terence
  1181 | D:1      | Learned a level 2 spell: Call Imp
  1390 | D:2      | Reached XP level 3. HP: 22/26 MP: 6/9
  1394 | D:2      | Learned a level 3 spell: Call Canine Familiar
  2202 | D:3      | Noticed Robin
  2226 | D:2      | Killed Robin
  2412 | D:2      | Killed Terence
  2413 | D:2      | Reached XP level 4. HP: 33/33 MP: 5/11
  3016 | D:3      | Learned a level 3 spell: Summon Guardian Golem
  3734 | D:4      | Reached XP level 5. HP: 38/38 MP: 5/13
  3922 | D:4      | Reached skill level 5 in Summonings
  3934 | D:4      | Identified the +2 pair of gloves of Cheibriados's Whim
                  | {*Slow rElec Stlth+}
  4238 | D:4      | Noticed a black bear
  4238 | D:4      | Noticed a black bear
  4252 | D:4      | Killed a black bear
  4260 | D:4      | Killed a black bear
  4261 | D:4      | Reached XP level 6. HP: 45/45 MP: 4/15
  4563 | D:5      | Entered Level 5 of the Dungeon
  4851 | D:5      | Identified the +5 leather armour of Micawn {Str+6}
  4903 | D:5      | Reached skill level 6 in Summonings
  4953 | D:5      | Noticed Sigmund
  4961 | D:5      | Reached skill level 5 in Spellcasting
  4961 | D:5      | Reached XP level 7. HP: 50/50 MP: 11/18
  4966 | D:5      | Killed Sigmund
  5124 | D:5      | Reached skill level 7 in Summonings
  5130 | D:5      | Learned a level 4 spell: Summon Lightning Spire
  5240 | D:6      | Found a staircase to the Ecumenical Temple.
  5270 | D:6      | Found a sand-covered staircase.
  5271 | D:6      | Identified the +2 dagger of Decaying Defiance {pain, Int+7
                  | SInv}
  5285 | D:6      | Noticed a two-headed ogre
  5300 | D:6      | Killed a two-headed ogre
  5301 | D:6      | Reached skill level 8 in Summonings
  5301 | D:6      | Reached XP level 8. HP: 57/57 MP: 8/22
  5444 | Ossuary  | Entered an ossuary
  6667 | D:7      | Reached XP level 9. HP: 62/62 MP: 17/24
  7274 | D:8      | Reached skill level 9 in Summonings
  8030 | D:8      | Noticed a two-headed ogre
  8038 | D:8      | Killed a two-headed ogre
  8039 | D:8      | Reached skill level 10 in Summonings
  8087 | D:8      | Noticed a two-headed ogre
  8093 | D:8      | Killed a two-headed ogre
  8740 | D:9      | Reached XP level 10. HP: 52/69 MP: 12/27
  8819 | D:9      | Found a flagged portal.
  8973 | Bailey   | Entered a bailey
  9148 | Bailey   | Reached skill level 11 in Summonings
  9342 | Bailey   | Noticed an orc knight
  9361 | Bailey   | Killed an orc knight
  9362 | Bailey   | Reached skill level 10 in Spellcasting
  9378 | Bailey   | Noticed an orc warlord
  9394 | Bailey   | Killed an orc warlord
  9709 | D:9      | Found Vosae's Distillery.
 10043 | D:9      | Found a staircase to the Lair.
 10052 | D:9      | Reached skill level 1 in Fighting
 10551 | D:10     | Entered Level 10 of the Dungeon
 10826 | D:10     | Noticed Maurice
 10861 | D:10     | Killed Maurice
 10862 | D:10     | Reached XP level 11. HP: 81/81 MP: 22/29
 10960 | D:10     | Noticed a two-headed ogre
 10987 | D:10     | Killed a two-headed ogre
 11250 | D:10     | Noticed a wizard
 11303 | D:10     | Killed a wizard
 11696 | D:10     | Reached skill level 5 in Dodging
 12013 | D:10     | Reached skill level 5 in Fighting
 12052 | D:10     | Got the Compendium of Different Interference
 13507 | D:11     | You fall into a shaft and drop 2 floors!
 13516 | D:13     | Noticed a six-headed hydra
 13530 | D:13     | Killed a six-headed hydra
 13571 | D:12     | Noticed Fannar
 13584 | D:12     | Killed Fannar
 13636 | D:12     | Noticed a boulder beetle
 14458 | D:11     | Killed a boulder beetle
 14754 | D:12     | Noticed a skeletal warrior
 14762 | D:12     | Killed a skeletal warrior
 14824 | D:12     | Reached XP level 12. HP: 100/100 MP: 20/30
 14876 | D:12     | Found Getahari's Distillery.
 15391 | D:12     | Got the Atlas of Distance and Hoarfrost
 15479 | D:12     | Noticed a centaur warrior
 15490 | D:12     | Killed a centaur warrior
 15701 | Lair:1   | Entered Level 1 of the Lair of Beasts
 16471 | Lair:1   | Identified the +2 robe of Dishonesty {Dex+5}
 17851 | Lair:2   | Reached skill level 10 in Dodging
 18104 | Lair:2   | Noticed Harold
 18115 | Lair:2   | Killed Harold
 18340 | Lair:2   | Reached skill level 10 in Fighting
 19259 | Lair:2   | Identified a ring "Tutugon" {MP+9 Str+3 Stlth+}
 19553 | Lair:3   | Reached XP level 13. HP: 99/113 MP: 23/32
 19887 | Lair:3   | Found a staircase to the Snake Pit.
 20388 | Lair:3   | Identified the +10 sling of Dim Light {flame, Drain rF+ rC+
                  | Will+++}
 20919 | Lair:3   | Found a staircase to the Swamp.
 21750 | Lair:3   | Acquired the Exposition on Allied Cryomancy
 21766 | Lair:4   | Found a staircase to the Slime Pits.
 22290 | Lair:4   | Reached skill level 12 in Summonings
 23452 | Lair:5   | Entered Level 5 of the Lair of Beasts
 24041 | Lair:5   | Noticed a dire elephant
 24056 | Lair:5   | Killed a dire elephant
 25032 | Lair:5   | Reached XP level 14. HP: 124/124 MP: 33/34
 25098 | Lair:5   | Reached skill level 13 in Summonings
 26636 | D:11     | Found a staircase to the Orcish Mines.
 26765 | Orc:1    | Entered Level 1 of the Orcish Mines
 27076 | Orc:2    | Entered Level 2 of the Orcish Mines
 27580 | Orc:2    | Found a staircase to the Elven Halls.
 27927 | Orc:2    | Found Winessef's Magic Scroll Shop.
 27938 | Orc:2    | Found Gekideg's General Store.
 28867 | Orc:2    | Reached skill level 14 in Summonings
 29856 | Orc:1    | Noticed an orc warlord
 30252 | Orc:1    | Killed an orc warlord
 30885 | Orc:2    | Found a runed translucent door.
 31087 | Orc:2    | Identified the staff of conjuration "Qosuvel" {rN+ Will+}
 31384 | Orc:2    | Found Pidyse's Jewellery Emporium.
 31384 | Orc:2    | Found Kefier's Antique Armour Shoppe.
 31385 | Orc:2    | Found a one-way gate leading to the halls of Pandemonium.
 31389 | Orc:2    | Bought a pair of glowing boots for 300 gold pieces
 31472 | Orc:2    | Bought the amulet of the Four Winds {rN+ Will+++ Clar} for
                  | 1031 gold pieces
 31472 | Orc:2    | Found the amulet of the Four Winds {rN+ Will+++ Clar}
 31490 | Orc:2    | Learned a level 7 spell: Summon Hydra
 31498 | Orc:2    | Learned a level 7 spell: Monstrous Menagerie
 32191 | D:13     | Noticed Josephine
 32195 | D:13     | Killed Josephine
 32872 | D:14     | Reached XP level 15. HP: 132/132 MP: 34/37
 32938 | D:14     | Noticed Rupert
 32960 | D:14     | Killed Rupert
 34329 | D:14     | Found a gate to the Vaults.
 34800 | D:15     | Entered Level 15 of the Dungeon
 35692 | D:15     | Found a staircase to the Depths.
 36360 | D:15     | Learned a level 2 spell: Blink
 36567 | Snake:1  | Entered Level 1 of the Snake Pit
 39346 | Snake:2  | Reached XP level 16. HP: 114/145 MP: 28/38
 41399 | Snake:3  | Found Mynor's Antique Weapon Shoppe.
 41702 | Snake:3  | Reached skill level 15 in Summonings
 41830 | Snake:3  | Found Funn's Jewellery Emporium.
 42458 | Snake:3  | Found Bimilof's Weapon Shop.
 42460 | Snake:3  | Found Lafelejae's Distillery.
 42891 | Snake:3  | Noticed Vashnia
 43558 | Snake:3  | Killed Vashnia
 43991 | Snake:4  | Entered Level 4 of the Snake Pit
 44596 | Snake:4  | Reached skill level 5 in Shields
 46249 | Snake:4  | Found a runed translucent door.
 46287 | Snake:4  | Reached XP level 17. HP: 83/154 MP: 21/40
 47383 | Snake:4  | Identified the +2 leather armour of Evolution {rElec}
 47478 | Snake:4  | Noticed a quicksilver dragon
 47478 | Snake:4  | Noticed a quicksilver dragon
 48225 | Snake:4  | Noticed artmatt's ghost (adept DsTm)
 48281 | Snake:4  | Killed a quicksilver dragon
 48288 | Snake:4  | HP: 1/154 [quicksilver dragon/bolt of dispelling energy
                  | (43)]
 48289 | Snake:4  | Mangled by a quicksilver dragon

Illustrated notes

Levels and vault maps discovered:
D:1:      giann_forest_graveyard, layout_loops_ring,
          shapermc_ecumenical_altar_mp_vishouse, bh_walls_and_bars
D:2:      layout_loops_ring, uniq_terence
D:3:      layout_loops_ring, uniq_robin
D:4:      layout_basic, chequers_temple_overflow_statue_of_worship,
          trog_ov_bears_minmay
D:5:      layout_rooms, uniq_sigmund
D:6:      layout_rooms, mainiacjoe_overflow_alcove_4,
          minmay_temple_entry_stoned_glass, enter_ossuary_3,
          kennysheep_pointless_box, kennysheep_another_room
D:7:      layout_basic
D:8:      layout_basic
D:9:      layout_loops_cross, erik_lair_orcish_takeover, enter_bailey_5,
          serial_shops, shop
D:10:     layout_roguey, minmay_crystal_water, laboratory, uniq_maurice
D:11:     layout_long_grid, david_orc_3
D:12:     minmay_chambers_of_sixes, layout_rooms, serial_shops,
          kennysheep_little_box, uniq_fannar
D:13:     layout_roguey, uniq_josephine
D:14:     layout_loops_cross, david_vaults_3, corexii_corridor_pit, minivault_21
D:15:     grunt_enter_depths_magical_seal, layout_rooms,
          amcnicky_mini_rare_corridor_liquid
Lair:1:   layout_cellular_growth
Lair:2:   layout_big_grid, ice2_lemuel, lemuel_fruit_tree, uniq_harold
Lair:3:   layout_hall_layers, palyth_hydra_swamp_entry,
          guppyfry_snake_entry_garden, tgw_fedhas
Lair:4:   layout_cave_pods, slime_entry_1, basic_altar, lemuel_oklob_altar,
          serial_bayou_shore_a, grunt_megastairs_1
Lair:5:   minmay_lair_end_enchanted_forest, layout_layer_cave,
          kennysheep_abandoned_house
Snake:1:  layout_chambers
Snake:2:  layout_chambers, st_stairs_9
Snake:3:  layout_onion_interference, serial_shops, shop, nicolae_stop_n_shop_1,
          nicolae_snake_coiling_death, minmay_shoptagon, uniq_vashnia
Snake:4:  hellmonk_snake_rune_quicksilver_temple, layout_cave_town,
          ebering_ghost_reflecting_pool
Orc:1:    layout_caves
Orc:2:    pf_orc_diabolical, layout_caves, basic_altar, lightli_church_of_beogh

Skill      XL: |  1  2  3  4  5  6  7  8  9 10 11 12 13 14 15 16 17 |
---------------+----------------------------------------------------+-----
Spellcasting   | 2 3 4 5 6 7 9 10 11 13 | 13.8
Summonings     | 4 5 6 8 10 11 12 14 15 | 15.2
Dodging        | 3 7 10 11 14 | 14.6
Fighting       | 2 7 10 11 13 14 | 14.5
Shields        | 7 9 |  9.6
Stealth        | |  1.7

Action                     |  1- 3 |  4- 6 |  7- 9 | 10-12 | 13-15 | 16-18 || total
---------------------------+-------+-------+-------+-------+-------+-------++-------
  Melee: Unarmed           |    69 |    11 |     3 |       |       |       ||    83
         Punch             |     1 |       |     1 |       |     3 |       ||     5
         Staff             |       |       |    17 |     2 |       |       ||    19
         Dagger            |       |       |       |    21 |   113 |    31 ||   165
   Cast: Summon Small Mamm |    41 |    28 |    30 |   105 |   147 |       ||   351
         Call Imp          |     8 |    16 |    22 |    63 |    69 |       ||   178
         Call Canine Famil |     6 |    22 |    25 |    64 |    82 |     3 ||   202
         Summon Guardian G |       |     2 |    17 |    97 |   129 |       ||   245
         Summon Lightning  |       |       |     8 |    82 |   121 |       ||   211
         Summon Hydra      |       |       |       |       |   109 |   143 ||   252
         Monstrous Menager |       |       |       |       |    55 |    96 ||   151
  Evoke: Wand              |       |       |       |    13 |     1 |       ||    14
    Use: Scroll            |       |       |    13 |     4 |     6 |     1 ||    24
         Potion            |       |       |       |     1 |       |     5 ||     6
   Stab: Sleeping          |     1 |       |       |       |       |       ||     1
         Distracted        |       |     1 |       |       |     2 |     3 ||     6
         Paralysed         |       |       |       |       |     1 |       ||     1
 Armour: Robe              |    24 |    13 |     5 |       |       |       ||    42
         Leather armour    |       |       |    11 |    73 |   159 |    68 ||   311
  Dodge: Dodged            |    74 |    29 |    28 |   108 |   360 |   190 ||   789
  Block: Kite shield       |       |       |       |       |       |     8 ||     8

Table legend: (Time is in decaauts)
 A = Elapsed time spent in this place.
 B = Non-inter-level travel time spent in this place.
 C = Inter-level travel time spent in this place.
 D = Time resting spent in this place.
 E = Time spent auto-exploring this place.
 F = Levels seen in this place.
 G = Mean time per level.
                   A        B        C        D        E       F      G
               +--------+--------+--------+--------+--------+-----+--------+
         Total |  48399 |  46633 |   1766 |  10643 |  27054 |  28 | 1728.5 |
       Dungeon |  19980 |  18876 |   1104 |   3426 |  11907 |  15 | 1332.0 |
          Lair |  10897 |  10626 |    271 |   2057 |   6423 |   5 | 2179.4 |
     Snake Pit |  11739 |  11505 |    234 |   2854 |   6986 |   4 | 2934.8 |
  Orcish Mines |   4872 |   4715 |    157 |   2190 |   1413 |   2 | 2436.0 |
       Ossuary |    191 |    191 |      0 |      0 |     50 |   1 |  191.0 |
        Bailey |    717 |    717 |      0 |    116 |    274 |   1 |  717.0 |
               +--------+--------+--------+--------+--------+-----+--------+

Top non-repeatable levels by time:
   Orc:2: 3754 daAuts
 Snake:4: 3599 daAuts
  Lair:2: 2872 daAuts
 Snake:2: 2843 daAuts
 Snake:3: 2802 daAuts
  Lair:5: 2547 daAuts
 Snake:1: 2494 daAuts
  Lair:3: 2377 daAuts
  Lair:4: 2096 daAuts
    D:11: 2013 daAuts
    D:10: 1979 daAuts
    D:14: 1675 daAuts
    D:15: 1566 daAuts
     D:9: 1559 daAuts
    D:13: 1536 daAuts
